 Dungeon Crawl Stone Soup version 0.24-a0-434-gd57e52fea8 (webtiles) character file.

Game seed: 13607511123090911521

33 theanonym the Vexing (level 3, 0/24 HPs)
             Began as a Mummy Enchanter on June 15, 2019.
             Slain by an iguana (6 damage)
             ... on level 2 of the Dungeon.
             The game lasted 00:01:51 (1541 turns).

theanonym the Vexing (Mummy Enchanter)              Turns: 1541, Time: 00:01:52

Health: 0/24       AC: 10    Str: 12    XL:     3   Next: 12%
Magic:  7/7        EV:  2    Int: 14    God:
Gold:   74         SH:  0    Dex: 12    Spells: 6/7 levels left

rFire    x . .     SeeInvis .   a - +1 dagger
rCold    + . .     Gourm    .   (no shield)
rNeg     + + +     Faith    .   d - +0 plate armour
rPois    ∞         Spirit   .   (no helmet)
rElec    .         Reflect  .   (no cloak)
rCorr    .         Harm     .   (no gloves)
MR       .....                  (no boots)
Stlth    ..........             (no amulet)
HPRegen  0.08/turn              (no ring)
MPRegen  0.10/turn              (no ring)

@: no status effects
A: no food or potions, fire vulnerability, cold resistance 1, negative energy
resistance 3, torment resistance, unbreathing
a: no special abilities


Innate Abilities, Weirdness & Mutations

You do not eat or drink.
Your flesh is vulnerable to fire.
You are immune to poison.
Your flesh is cold resistant. (rC+)
You are immune to negative energy. (rN+++)
You are immune to unholy pain and torment.
You can survive without breathing.


   Skills:
 + Level 2.5 Short Blades
 - Level 1.5 Dodging
 - Level 2.4 Stealth
 - Level 2.6 Spellcasting
 - Level 2.6 Hexes


You had 6 spell levels left.
You knew the following spells:

 Your Spells              Type           Power        Failure   Level  Hunger
a - Corona                Hex            #......      100%        1    N/A

Your spell library contained the following spells:

 Spells                   Type           Power        Failure   Level  Hunger
 Ensorcelled Hibernation  Hex/Ice        #.....       100%        2    N/A
 Confuse                  Hex            #.......     100%        3    N/A
 Dazzling Spray           Conj/Hex       #.....       100%        3    N/A
 Tukima's Dance           Hex            #.......     100%        3    N/A

Skill      XL: |  1  2 |
---------------+-------+-----
Short Blades   | 1 2 |  2.5
Dodging        | |  1.5
Stealth        | |  2.4
Spellcasting   | |  2.6
Hexes          | |  2.6

Action                   || total
-------------------------++-------
Melee: Dagger            ||   140
  Use: Scroll            ||     2
Armor: Robe              ||     5
       Plate armour      ||    90
Dodge: Dodged            ||    43

Inventory:

Hand Weapons
 a - a +1 dagger (weapon)
Armour
 b - a +0 robe
 d - a +0 plate armour (worn)
Scrolls
 n - a scroll of remove curse


You were on level 2 of the Dungeon.
You were not hungry.

You visited 1 branch of the dungeon, and saw 2 of its levels.

You collected 74 gold pieces.

Dungeon Overview and Level Annotations

Branches:
Dungeon (2/15)

Altars:
Kikubaaqudgha

..
#..........#.#..P..P
#......###.#.......P
#.#)#.####.#....#...
#.#.#.###..#._..##..
#.#.#......#....#...
#.#.#......#........
#.#......#.#......
#l#......###÷.....
#@#.##....P.P.....
###. #....†.#.....
..........##....
....####### ....
#.... .... #####
.... ...


You could see an iguana.

Notes
Turn   | Place    | Note
-------+----------+-------------------------------------------
     0 | D:1      | theanonym the Mummy Enchanter began the quest for the Orb.
     0 | D:1      | Reached XP level 1. HP: 13/13 MP: 4/4
   131 | D:1      | Reached skill level 1 in Short Blades
   255 | D:1      | Reached XP level 2. HP: 19/19 MP: 5/5
   261 | D:1      | HP: 9/19 [hobgoblin/+0 club (5)]
   714 | D:1      | Reached skill level 2 in Short Blades
   944 | D:2      | HP: 9/19 [goblin/+0 dagger (2)]
   959 | D:2      | HP: 5/19 [worm (5)]
  1224 | D:2      | Found an ancient bone altar of Kikubaaqudgha.
  1273 | D:2      | HP: 9/19 [adder (2)]
  1281 | D:2      | Reached XP level 3. HP: 7/24 MP: 7/7
  1511 | D:2      | HP: 10/24 [iguana (3)]
  1517 | D:2      | HP: 4/24 [iguana (6)]
  1541 | D:2      | Slain by an iguana

Vanquished Creatures
  An adder (D:2)
  A leopard gecko (D:1)
  A giant cockroach (D:1)
  3 goblins
  6 hobgoblins
  A quokka (D:2)
  A ball python (D:1)
  3 bats
  A kobold (D:1)
  3 rats
21 creatures vanquished.

Table legend:
 A = Turns spent in this place as a percentage of turns spent in the entire game.
 B = Non-inter-level travel turns spent in this place as a percentage of non-inter-level travel turns spent in the entire game.
 C = Inter-level travel turns spent in this place as a percentage of turns spent in this place.
 D = Turns resting spent in this place as a percentage of non-inter-level travel turns spent in this place.
 E = Turns spent auto-exploring this place as a percentage of non-inter-level travel turns spent in this place.
 F = Non-inter-level travel turns spent in this place divided by the number of levels of this place that you've seen.
                   A       B       C       D       E      F
               +-------+-------+-------+-------+-------+----------------------
         Total | 100.0 | 100.0 |   3.4 |  52.2 |  28.3 | 744.0
       Dungeon | 100.0 | 100.0 |   3.4 |  52.2 |  28.3 | 744.0
               +-------+-------+-------+-------+-------+----------------------
